[Event "ICC tourney 1941 (7 2)"]
[Site "Internet Chess Club"]
[Date "2020.07.31"]
[Round "1"]
[White "helavir"]
[Black "caracal"]
[Result "1-0"]
[ICCResult "Black resigns"]
[WhiteElo "2221"]
[BlackElo "1374"]
[Opening "French: Tarrasch, closed variation, main line"]
[ECO "C06"]
[NIC "FR.17"]
[Time "19:03:06"]
[TimeControl "420+2"]

1. e4 e6 2. d4 d5 3. Nd2 Nf6 4. e5 Nfd7 5. Bd3 c5 6. c3 Nc6 7. Ne2 cxd4 8.
cxd4 f6 9. exf6 Nxf6 10. Nf3 Bd6 11. O-O O-O 12. Bf4 Bxf4 13. Nxf4 Qb6 14.
Qd2 Ne4 15. Qe3 Rxf4 16. Qxf4 Nxd4 17. Nxd4 Qxd4 18. Bxe4 dxe4 19. Rfd1 Qf6
20. Qxf6 gxf6 21. Rd8+ Kf7 22. Rc1 f5 23. Rcxc8 Rxc8 24. Rxc8 Kf6 25. Rc7 f4
26. Rxb7 Kf5 27. Rxh7 e3 28. fxe3 fxe3 29. Rxa7 Ke4 30. Re7 Kd3 31. Rxe6 Ke2
32. h4 Kd2 33. h5 e2 34. Kf2 {Black resigns} 1-0

[Event "ICC tourney 1941 (7 2)"]
[Site "Internet Chess Club"]
[Date "2020.07.31"]
[Round "1"]
[White "Joelpaulg"]
[Black "speedskater"]
[Result "0-1"]
[ICCResult "White resigns"]
[WhiteElo "1403"]
[BlackElo "1810"]
[Opening "French: advance variation"]
[ECO "C02"]
[NIC "FR.03"]
[Time "19:02:57"]
[TimeControl "420+2"]

1. e4 e6 2. d4 d5 3. e5 c5 4. f4 cxd4 5. Qxd4 Nc6 6. Bb5 Bd7 7. Bxc6 bxc6 8.
Nf3 Qb6 9. Qxb6 axb6 10. c3 Nh6 11. Nbd2 Nf5 12. Nb3 c5 13. g4 Ne7 14. Be3
h5 15. Rg1 hxg4 16. Rxg4 Nf5 17. Kf2 Bc6 18. a3 Be7 19. Rag1 Rh3 20. Kg2
Rxf3 21. Kxf3 d4+ 22. Ke2 dxe3 23. Nc1 g6 24. Rd1 Bd5 25. h4 O-O-O 26. h5
Bf3+ 27. Kxf3 Rxd1 28. Ne2 gxh5 {White resigns} 0-1

[Event "ICC tourney 1941 (7 2)"]
[Site "Internet Chess Club"]
[Date "2020.07.31"]
[Round "1"]
[White "Andrewgdaponte"]
[Black "saiabhi29"]
[Result "0-1"]
[ICCResult "White checkmated"]
[WhiteElo "1242"]
[BlackElo "1328"]
[Opening "Sicilian: Smith-Morra gambit"]
[ECO "B21"]
[NIC "SI.48"]
[Time "19:02:50"]
[TimeControl "420+2"]

1. e4 c5 2. d4 cxd4 3. Bb5 Qa5+ 4. Bd2 Qxb5 5. Na3 Qb6 6. Nf3 Nc6 7. Nc4 Qd8
8. Bg5 d6 9. Nh4 h6 10. Bf4 g5 11. Nf5 Bxf5 12. Be3 dxe3 13. Nxe3 Bxe4 14.
Qh5 Nf6 15. Qh3 Qa5+ 16. c3 Qb5 17. f3 Qxb2 18. Rd1 Qxc3+ 19. Rd2 Qxe3+ 20.
Re2 Qc3+ 21. Rd2 Bg6 22. f4 Ne4 23. Qxc3 Nxc3 24. fxg5 hxg5 25. g4 Ne5 26.
Rc2 Bxc2 27. Kd2 Be4 28. Kxc3 Bxh1 29. Kd4 Bg7 30. Ke3 Rh3+ 31. Kf2 Rc8 32.
Ke1 Rxh2 33. Kf1 Rc1# {White checkmated} 0-1

[Event "ICC tourney 1941 (7 2)"]
[Site "Internet Chess Club"]
[Date "2020.07.31"]
[Round "1"]
[White "justinchess"]
[Black "NonnaThat"]
[Result "1-0"]
[ICCResult "Black resigns"]
[WhiteElo "2177"]
[BlackElo "1755"]
[Opening "King's Indian: 4.e4"]
[ECO "E70"]
[NIC "KI.30"]
[Time "19:03:14"]
[TimeControl "420+2"]

1. c4 g6 2. Nc3 Bg7 3. d4 Nf6 4. e4 O-O 5. h3 d6 6. Bg5 h6 7. Be3 e5 8. d5
a5 9. Qd2 Na6 10. Bd3 Kh7 11. Nge2 Nd7 12. g4 Ndc5 13. Bb1 f5 14. exf5 gxf5
15. Ng3 Nb4 16. Nxf5 Bxf5 17. Bxf5+ Rxf5 18. gxf5 Nbd3+ 19. Ke2 e4 20. Nxe4
Nxb2 21. Nxc5 dxc5 22. Qc2 Kh8 23. Rag1 Qf6 24. Rg6 {Black resigns} 1-0

[Event "ICC tourney 1941 (7 2)"]
[Site "Internet Chess Club"]
[Date "2020.07.31"]
[Round "1"]
[White "guineapig25"]
[Black "josechess99"]
[Result "0-1"]
[ICCResult "White resigns"]
[WhiteElo "1689"]
[BlackElo "2523"]
[Opening "Ruy Lopez: Anderssen variation"]
[ECO "C77"]
[NIC "RL.12"]
[Time "19:03:10"]
[TimeControl "420+2"]

1. e4 e5 2. Nf3 Nc6 3. Bb5 a6 4. Ba4 Nf6 5. d3 d6 6. c3 g6 7. O-O Bg7 8. Re1
O-O 9. Nbd2 b5 10. Bc2 Bd7 11. Nf1 Qe7 12. Ng3 Nd8 13. d4 c5 14. d5 c4 15.
a4 Nb7 16. Be3 Ng4 17. Bd2 Bh6 18. h3 Bxd2 19. Qxd2 Nf6 20. axb5 axb5 21.
Qh6 Rfc8 22. Nh4 Kh8 23. Rxa8 Rxa8 24. Re3 Ng8 25. Nhf5 gxf5 26. Qh5 f4 27.
Rf3 fxg3 28. fxg3 f6 29. g4 Rf8 30. h4 Qg7 31. g5 fxg5 32. Rxf8 Qxf8 33.
hxg5 Qg7 34. Bd1 Nc5 35. Bf3 Nd3 36. Be2 Nf4 37. Qf3 Qxg5 38. Bf1 Nf6 39. g3
N4h5 40. Kf2 Nxg3 41. Qxg3 Nxe4+ {White resigns} 0-1

[Event "ICC tourney 1941 (7 2)"]
[Site "Internet Chess Club"]
[Date "2020.07.31"]
[Round "1"]
[White "Vish1080"]
[Black "Goran21"]
[Result "1-0"]
[ICCResult "Black checkmated"]
[WhiteElo "1811"]
[BlackElo "1803"]
[Opening "King's Indian, 3.Nf3"]
[ECO "E61"]
[NIC "QP.11"]
[Time "19:02:57"]
[TimeControl "420+2"]

1. Nf3 Nf6 2. c4 g6 3. d4 Bg7 4. Nc3 O-O 5. e3 d6 6. b3 Nbd7 7. Bb2 e5 8.
Be2 Re8 9. O-O c6 10. Rb1 e4 11. Nd2 h5 12. Qc2 Qe7 13. Rbe1 Nf8 14. f3 exf3
15. Bxf3 Ne6 16. d5 Ng5 17. dxc6 Nxf3+ 18. Nxf3 bxc6 19. Nd4 c5 20. Nc6 Qc7
21. Rxf6 Qxc6 22. Nd5 Be6 23. Rxg6 fxg6 24. Qxg6 Qb7 25. Nf6+ Kf8 26. Nxe8
Bxb2 27. Qxe6 Qe7 28. Rf1+ Kxe8 29. Qg8+ Kd7 30. Qxa8 Qxe3+ 31. Kh1 Bf6 32.
Qxa7+ Ke6 33. Qa5 Be5 34. Qc7 Bf4 35. Qc6 Ke7 36. Qf3 Qxf3 37. Rxf3 Be5 38.
g3 Kd7 39. Kg2 Kc6 40. Rf5 h4 41. gxh4 Kb6 42. Rxe5 dxe5 43. Kf3 Ka5 44. Ke4
Kb4 45. Kxe5 Ka3 46. Kd5 Kxa2 47. Kxc5 Kxb3 48. h5 Ka4 49. h6 Ka5 50. h7 Ka6
51. h8=Q Ka7 52. Kc6 Ka6 53. Qa8# {Black checkmated} 1-0

[Event "ICC tourney 1941 (7 2)"]
[Site "Internet Chess Club"]
[Date "2020.07.31"]
[Round "1"]
[White "Viking21"]
[Black "JohnnyHop98"]
[Result "0-1"]
[ICCResult "White resigns"]
[WhiteElo "1503"]
[BlackElo "1647"]
[Opening "Caro-Kann: exchange variation"]
[ECO "B13"]
[NIC "CK.02"]
[Time "19:03:04"]
[TimeControl "420+2"]

1. e4 c6 2. d4 d5 3. exd5 cxd5 4. Bd3 Nc6 5. c3 Qc7 6. Na3 a6 7. h3 g6 8.
Ne2 Bg7 9. Bf4 e5 10. dxe5 Bxe5 11. Bxe5 Qxe5 12. O-O Nge7 13. Re1 Qd6 14.
Nc2 O-O 15. Ncd4 Nxd4 16. Nxd4 Nc6 17. Nxc6 bxc6 18. Qf3 Be6 19. Rad1 c5 20.
h4 Kg7 21. g3 h5 22. Rd2 Rae8 23. Red1 Bg4 24. Qg2 Bxd1 25. Rxd1 Qe6 26. Kf1
Re7 27. b3 Rfe8 28. f4 c4 29. bxc4 dxc4 30. Bc2 Qe1+ 31. Rxe1 Rxe1+ 32. Kf2
R8e2+ 33. Kf3 Rxg2 {White resigns} 0-1

[Event "ICC tourney 1941 (7 2)"]
[Site "Internet Chess Club"]
[Date "2020.07.31"]
[Round "1"]
[White "liguowh"]
[Black "benusa"]
[Result "0-1"]
[ICCResult "White resigns"]
[WhiteElo "1453"]
[BlackElo "2280"]
[Opening "Ruy Lopez: exchange, Alekhine variation"]
[ECO "C68"]
[NIC "RL.08"]
[Time "19:03:01"]
[TimeControl "420+2"]

1. e4 e5 2. Nf3 Nc6 3. Bb5 a6 4. Bxc6 dxc6 5. d4 exd4 6. Qxd4 Qxd4 7. Nxd4
Bd7 8. Be3 O-O-O 9. Nc3 Ne7 10. O-O-O Ng6 11. f3 f6 12. Rd2 Bb4 13. Nde2 Ne5
14. Bf4 Be6 15. Rhd1 Rxd2 16. Bxd2 Bf7 17. a3 Bd6 18. h3 h5 19. Nd4 g6 20.
Be3 h4 21. Bf2 Nc4 22. Nde2 g5 23. Bd4 Ne5 24. Na4 Rd8 25. Bc5 b5 26. Bxd6
cxd6 27. Nac3 Bh5 28. Nd4 Kb7 29. Nf5 Kc7 30. Rd2 Bg6 31. Ne3 Bf7 32. Ne2 c5
33. Nc3 Kc6 34. Ncd5 Bxd5 35. Nxd5 Rf8 36. Ne7+ Kc7 37. Nf5 Rd8 38. b3 Ng6
39. Kb2 Nf4 40. Kc3 d5 41. exd5 Nxd5+ 42. Kb2 Nf4 43. Re2 Nxe2 {White
resigns} 0-1

[Event "ICC tourney 1941 (7 2)"]
[Site "Internet Chess Club"]
[Date "2020.07.31"]
[Round "1"]
[White "londonkid"]
[Black "atippa"]
[Result "1-0"]
[ICCResult "Black checkmated"]
[WhiteElo "1860"]
[BlackElo "1390"]
[Opening "QGD: exchange, positional line"]
[ECO "D35"]
[NIC "QO.16"]
[Time "19:02:58"]
[TimeControl "420+2"]

1. d4 d5 2. c4 e6 3. Nc3 Nf6 4. cxd5 exd5 5. Bg5 Be7 6. Qc2 Nbd7 7. e3 h6 8.
Bh4 O-O 9. Bd3 b6 10. Nf3 Bb7 11. O-O Rc8 12. Rad1 c5 13. dxc5 Nxc5 14. Bf5
Rc7 15. Bg3 Bd6 16. Bxd6 Qxd6 17. Nb5 Qd8 18. Nxc7 Qxc7 19. b4 Na6 20. Qxc7
Nxc7 21. Rc1 Ne6 22. Bxe6 fxe6 23. h3 Rc8 24. Rxc8+ Bxc8 25. Rc1 Ba6 26. Rc7
Bc4 27. Rxa7 b5 28. a4 bxa4 29. Rxa4 Nd7 30. Nd4 Kf7 31. b5 e5 32. Nf5 Kf6
33. Nd6 Be2 34. Ra7 Ke6 35. Ne8 g6 36. Nc7+ Kd6 37. Nxd5 Kxd5 38. Rxd7+ Kc5
39. b6 Kxb6 40. Rd6+ Kc5 41. Rxg6 h5 42. Rg5 Kd5 43. f3 Ke6 44. Rxh5 e4 45.
Rh6+ Kf5 46. f4 Bd3 47. g4# {Black checkmated} 1-0

[Event "ICC tourney 1941 (7 2)"]
[Site "Internet Chess Club"]
[Date "2020.07.31"]
[Round "1"]
[White "steinutz"]
[Black "pyaru536"]
[Result "0-1"]
[ICCResult "White resigns"]
[WhiteElo "1531"]
[BlackElo "1363"]
[Opening "Levitsky attack (Queen's bishop attack)"]
[ECO "D00"]
[NIC "QP.08"]
[Time "19:03:03"]
[TimeControl "420+2"]

1. d4 d5 2. Bg5 h6 3. Bh4 c5 4. e3 Nc6 5. c3 Qb6 6. Qb3 c4 7. Qxb6 axb6 8.
Nd2 b5 9. e4 dxe4 10. Nxe4 Bf5 11. Nc5 b6 12. g4 bxc5 13. gxf5 cxd4 14. Bg2
Rc8 15. Bxc6+ Rxc6 16. cxd4 e6 17. O-O-O exf5 18. Nf3 Bd6 19. Rhe1+ Ne7 20.
d5 Rc7 21. Nd4 g5 22. Nxf5 Bf4+ 23. Kb1 Kf8 24. Nxe7 Rxe7 25. Rxe7 Kxe7 26.
d6+ Bxd6 27. Bg3 Bxg3 28. hxg3 Ke6 29. Kc2 Ra8 30. a3 f5 31. Kc3 f4 32. Re1+
Kf5 33. Rd1 fxg3 34. fxg3 Kg4 35. Rd5 Rb8 36. Rd6 h5 37. a4 bxa4 38. Rc6
Rb3+ 39. Kc2 Rb4 40. Kc3 Rb3+ 41. Kc2 Rb7 42. Rxc4+ Kxg3 43. Rxa4 h4 44. b4
h3 45. Ra3+ Kg2 46. Kc3 h2 47. Ra2+ Kh3 48. Ra1 g4 49. Kc4 g3 50. Kc5 g2 51.
b5 g1=Q+ 52. Rxg1 hxg1=Q+ 53. Kc6 Qb6+ 54. Kd5 Qxb5+ {White resigns} 0-1

[Event "ICC tourney 1941 (7 2)"]
[Site "Internet Chess Club"]
[Date "2020.07.31"]
[Round "1"]
[White "babysnake"]
[Black "playtowin2020"]
[Result "1-0"]
[ICCResult "Black resigns"]
[WhiteElo "2342"]
[BlackElo "1601"]
[Opening "Réti opening"]
[ECO "A30"]
[NIC "QP.10"]
[Time "19:02:58"]
[TimeControl "420+2"]

1. Nf3 c5 2. c4 Nc6 3. d4 cxd4 4. Nxd4 g6 5. g3 Bg7 6. Nc2 Nf6 7. Bg2 O-O 8.
O-O d6 9. Nc3 Bd7 10. b3 a6 11. Bb2 Rc8 12. Qd2 Bf5 13. Ne3 Be6 14. Rfd1 Qc7
15. Rac1 Qb8 16. Ncd5 Bxd5 17. Nxd5 Nxd5 18. Bxd5 Ne5 19. f4 Nd7 20. Bxg7
Kxg7 21. Qd4+ Kg8 22. h4 Nf6 23. Bf3 b5 24. c5 dxc5 25. Qe3 Qc7 26. h5 Rfd8
27. Rxd8+ Qxd8 28. Rxc5 Rxc5 29. Qxc5 gxh5 30. Kg2 Qd6 31. Qxd6 exd6 32. Bc6
Kf8 33. b4 Ne8 34. Kh3 Nc7 35. Kh4 Kg7 36. Kxh5 f5 37. a3 h6 38. Bb7 Kh7 39.
Bc8 Kg7 40. Bxf5 Nd5 41. Bc8 Nc7 42. Bb7 d5 43. e3 Kh7 44. g4 Kg7 45. g5
hxg5 46. Kxg5 Kf7 47. Kf5 Ke7 48. Ke5 Kd7 49. Bxd5 Ke7 50. Bb7 Kd7 51. f5
Ke7 52. f6+ Kf7 53. Kf5 Kf8 54. e4 Kf7 55. e5 Ke8 56. e6 Kf8 57. Bc6 Kg8 58.
e7 Kf7 59. Bd7 a5 60. bxa5 b4 61. e8=Q+ Nxe8 62. Bxe8+ Kxe8 63. axb4 Kf7 64.
a6 {Black resigns} 1-0

[Event "ICC tourney 1941 (7 2)"]
[Site "Internet Chess Club"]
[Date "2020.07.31"]
[Round "1"]
[White "maddieweber789"]
[Black "jsl1996"]
[Result "0-1"]
[ICCResult "White resigns"]
[WhiteElo "1317"]
[BlackElo "1483"]
[Opening "King's Indian: Gligoric-Taimanov system"]
[ECO "E90"]
[NIC "KI.13"]
[Time "19:02:56"]
[TimeControl "420+2"]

1. d4 Nf6 2. c4 g6 3. Nc3 Bg7 4. Nf3 O-O 5. e4 d6 6. Be3 e5 7. Be2 Nbd7 8.
O-O Qe7 9. Qc2 c6 10. Rfe1 Re8 11. Bd3 Ng4 12. Bg5 Bf6 13. Bxf6 Qxf6 14. Ne2
exd4 15. h3 Nge5 16. Nfxd4 Nc5 17. Rad1 Nexd3 18. Rxd3 Nxd3 19. Qxd3 Be6 20.
f4 Bxc4 21. Qxc4 Rxe4 22. Qd3 Rae8 23. Kf2 Qh4+ 24. g3 Qxh3 25. Nf3 Qf5 26.
Ned4 Qd5 27. Rxe4 Rxe4 28. Qd2 Qxa2 29. Ng5 Re8 30. Ne2 h6 31. Nf3 Qe6 32.
Ned4 Qe4 33. Ne2 d5 34. Nc3 Qc4 35. Ne5 Qc5+ 36. Kg2 Kg7 37. Qd3 Qb4 38. Nd1
Qe4+ 39. Qxe4 dxe4 40. Kf2 Rd8 41. Ke2 c5 42. Nc3 f6 43. Nc4 f5 44. Ne5 g5
45. Nd1 Kf6 46. Ne3 b5 47. Nc6 Rd3 48. Ne5 Rb3 49. Nd5+ Ke6 50. Nc7+ Kd6 51.
Ne8+ Ke7 52. Ng7 Rxb2+ 53. Kf1 gxf4 54. gxf4 a5 55. Nxf5+ Kf6 56. Nd6 a4 57.
Nxe4+ Kf5 58. Nxc5 a3 59. Ned3 a2 60. Nxb2 a1=Q+ {White resigns} 0-1

[Event "ICC tourney 1941 (7 2)"]
[Site "Internet Chess Club"]
[Date "2020.07.31"]
[Round "1"]
[White "Samuel-Colt"]
[Black "binomialfactor"]
[Result "0-1"]
[ICCResult "White resigns"]
[WhiteElo "1462"]
[BlackElo "1531"]
[Opening "Catalan: open, 5.Nf3"]
[ECO "E04"]
[NIC "CA.03"]
[Time "19:03:17"]
[TimeControl "420+2"]

1. d4 d5 2. c4 e6 3. Nf3 Nf6 4. g3 dxc4 5. Bg2 Bd7 6. O-O Bc6 7. a4 Nbd7 8.
Qc2 Be7 9. Qxc4 Bd5 10. Qc2 Be4 11. Qb3 c5 12. Nc3 Bc6 13. Rd1 O-O 14. Qc2
cxd4 15. Nxd4 Bxg2 16. Kxg2 Qc7 17. Ndb5 Qc6+ 18. Kg1 a6 19. Nd4 Qc7 20. Bf4
e5 21. Nf5 exf4 22. Nxe7+ Kh8 23. Nf5 fxg3 24. hxg3 Rfd8 25. Qb3 Qe5 26. Ne3
Kg8 27. Ncd5 Nxd5 28. Rxd5 Nc5 29. Rxe5 Nxb3 30. Ra3 Nd4 31. Nf5 f6 32. Ne7+
Kf7 33. Re4 g6 34. Rc3 Ne6 35. Rb3 Nc5 36. Rxb7 Nxb7 37. Nc6 Rd1+ 38. Kg2
Re8 39. Rb4 Nd6 40. Nd4 Re4 41. e3 Rd2 42. Kf3 Re7 43. Rb6 Ne4 44. Ne2 Ng5+
{White resigns}
0-1

[Event "ICC tourney 1941 (7 2)"]
[Site "Internet Chess Club"]
[Date "2020.07.31"]
[Round "1"]
[White "harkerchess"]
[Black "sahilmd"]
[Result "0-1"]
[ICCResult "White resigns"]
[WhiteElo "1325"]
[BlackElo "2152"]
[Opening "English: Carls' Bremen system"]
[ECO "A22"]
[NIC "EO.10"]
[Time "19:03:30"]
[TimeControl "420+2"]

1. c4 Nf6 2. Nc3 e5 3. g3 Nc6 4. Bg2 Bc5 5. e3 O-O 6. a3 a5 7. Nge2 d6 8. d4
exd4 9. exd4 Ba7 10. O-O Re8 11. h3 h6 12. Be3 Bf5 13. Kh2 Qd7 14. Nd5 Ne4
15. b4 Ng5 16. Nef4 Be4 17. Bxe4 Rxe4 18. c5 dxc5 19. dxc5 Rd8 20. h4 Ne6
21. Qf3 Nxf4 22. Nxf4 Qf5 23. b5 Ne5 24. Qg2 Ng4+ 25. Kh1 Nxe3 26. fxe3 Rxe3
27. Qxb7 Bxc5 28. Qxc7 Rc8 29. Qb7 Rxg3 30. Ra2 Rh3+ 31. Rh2 Rxh2+ 32. Kxh2
Bd6 33. Qf3 Rc4 34. Kg3 Bxf4+ 35. Qxf4 Rxf4 36. Rxf4 Qxb5 {White resigns}
0-1

[Event "ICC tourney 1941 (7 2)"]
[Site "Internet Chess Club"]
[Date "2020.07.31"]
[Round "1"]
[White "GGuseinov"]
[Black "BreatheChessAls"]
[Result "1-0"]
[ICCResult "Black checkmated"]
[WhiteElo "2995"]
[BlackElo "1798"]
[Opening "Sicilian: Kan, 5.Nc3"]
[ECO "B43"]
[NIC "SI.44"]
[Time "19:03:45"]
[TimeControl "420+2"]

1. e4 c5 2. Nc3 e6 3. Nf3 a6 4. d4 cxd4 5. Nxd4 Qc7 6. g3 Nf6 7. Bg2 Bb4 8.
Bd2 O-O 9. O-O Be7 10. Be3 d6 11. f4 e5 12. Nf5 Bxf5 13. exf5 Nc6 14. g4 Bd8
15. g5 Ne8 16. Nd5 Qd7 17. Be4 Nc7 18. Nb6 Qe8 19. Nxa8 Nxa8 20. f6 g6 21.
f5 Qd7 22. Qg4 Kh8 23. Rad1 Rg8 24. Kh1 h5 25. Qh3 Bc7 26. Rf3 Bb6 27. c3
Bxe3 28. Rxe3 Nb6 29. fxg6 Qxh3 30. g7+ Rxg7 31. fxg7+ Kxg7 32. Rxh3 Ne7 33.
Rxd6 Nbc8 34. Rd7 Ng6 35. Rxh5 Nb6 36. Rxf7+ Kxf7 37. Rh7+ Kg8 38. Bxg6 Nd5
39. Rxb7 Nf4 40. Be4 Ne6 41. b4 Nxg5 42. Bd5+ Kh8 43. c4 e4 44. c5 e3 45. c6
e2 46. Re7 a5 47. c7 e1=Q+ 48. Rxe1 Kh7 49. c8=Q Kh6 50. Qf5 Kh5 51. Rg1 Kh4
52. Qg4# {Black checkmated} 1-0

[Event "ICC tourney 1941 (7 2)"]
[Site "Internet Chess Club"]
[Date "2020.07.31"]
[Round "1"]
[White "dabbindino"]
[Black "closedforce"]
[Result "1-0"]
[ICCResult "Black resigns"]
[WhiteElo "1746"]
[BlackElo "1338"]
[Opening "French: Albin-Alekhine-Châtard attack"]
[ECO "C13"]
[NIC "FR.06"]
[Time "19:03:01"]
[TimeControl "420+2"]

1. e4 e6 2. d4 d5 3. Nc3 Nf6 4. Bg5 Be7 5. e5 Nfd7 6. h4 h6 7. Bxe7 Qxe7 8.
Qg4 O-O 9. Nf3 a6 10. Bd3 c5 11. dxc5 Nc6 12. Qg3 Nxc5 13. O-O Bd7 14. Rad1
b5 15. a3 b4 16. axb4 Nxb4 17. Rfe1 Rab8 18. Rd2 Bb5 19. Bxb5 axb5 20. Nd4
Qd7 21. Qg4 Na4 22. Nxe6 fxe6 23. Qxb4 Nxc3 24. Qxc3 b4 25. Qd3 Qa7 26. Qg6
Qb6 27. Re3 Rb7 28. Qg4 Rbf7 29. Rg3 Kh8 30. Kh2 Qb7 31. Qxe6 Rxf2 32. Rxf2
Rxf2 33. Qe8+ Kh7 34. e6 Re2 35. Qd7 {Black resigns} 1-0

[Event "ICC tourney 1941 (7 2)"]
[Site "Internet Chess Club"]
[Date "2020.07.31"]
[Round "1"]
[White "vyomvidy"]
[Black "Sricharan07"]
[Result "1-0"]
[ICCResult "Black forfeits on time"]
[WhiteElo "1788"]
[BlackElo "1575"]
[Opening "Dunst (Sleipner, Heinrichsen) opening"]
[ECO "D00"]
[NIC "VO.15"]
[Time "19:03:01"]
[TimeControl "420+2"]

1. Nc3 Nf6 2. d4 d5 3. Bf4 c6 4. e3 Bf5 5. f3 e6 6. g4 Bg6 7. h4 h6 8. Bd3
Bxd3 9. Qxd3 Bd6 10. Nge2 Qc7 11. O-O-O Nbd7 12. g5 Nh5 13. Bxd6 Qxd6 14. g6
Qe7 15. Rdg1 O-O-O 16. e4 Nhf6 17. e5 Ne8 18. gxf7 Qxf7 19. f4 Nc7 20. Qg6
Rdf8 21. Qxg7 c5 22. dxc5 Nxc5 23. Qxf7 Rxf7 24. Rg6 b5 25. b4 Nd7 26. Rhg1
a6 27. Rg8+ Rf8 28. Rxh8 Rxh8 29. Rg6 Nb6 30. Nd4 Kd7 31. f5 Re8 32. Rxh6
Nc4 33. Rh7+ Re7 34. Rxe7+ Kxe7 35. f6+ Kf7 36. Nf3 {Black forfeits on time}
1-0

[Event "ICC tourney 1941 (7 2)"]
[Site "Internet Chess Club"]
[Date "2020.07.31"]
[Round "1"]
[White "rjc64uk"]
[Black "Redbaron"]
[Result "1-0"]
[ICCResult "Black checkmated"]
[WhiteElo "1868"]
[BlackElo "2402"]
[Opening "Sicilian: Najdorf, 6.Bg5"]
[ECO "B94"]
[NIC "SI.04"]
[Time "19:03:00"]
[TimeControl "420+2"]

1. e4 c5 2. Nc3 d6 3. Nf3 a6 4. d4 cxd4 5. Nxd4 Nf6 6. Bg5 Nbd7 7. Be2 h6 8.
Be3 e6 9. a4 b6 10. O-O Bb7 11. f3 Be7 12. Qd2 Qc7 13. Rfd1 Rd8 14. Qe1 d5
15. exd5 Nxd5 16. Nxd5 exd5 17. Qf1 Qe5 18. Bf2 Ra8 19. c3 O-O 20. Nb3 Rfe8
21. Bd4 Qf4 22. Bd3 Nc5 23. Bc2 Bd6 24. g3 Qg5 25. Qf2 Rac8 26. Re1 h5 27.
Kh1 Red8 28. a5 Nxb3 29. Bxb3 b5 30. Bc2 b4 31. f4 Qh6 32. Bd3 bxc3 33. bxc3
h4 34. Kg2 Bc5 35. Rab1 Bxd4 36. Qxd4 Rc7 37. Rb6 f6 38. Bxa6 Bxa6 39. Rxa6
h3+ 40. Kg1 Qg6 41. Rae6 Rc4 42. Qe3 Qc2 43. Re8+ Kh7 44. Re2 Qd1+ 45. Re1
Rxe8 46. Qxe8 Qd2 47. Qh5+ Kg8 48. Re8# {Black checkmated} 1-0

[Event "ICC tourney 1941 (7 2)"]
[Site "Internet Chess Club"]
[Date "2020.07.31"]
[Round "1"]
[White "JosephLevine"]
[Black "craigsholl66"]
[Result "1-0"]
[ICCResult "Black forfeits on time"]
[WhiteElo "1661"]
[BlackElo "1465"]
[Opening "Sicilian"]
[ECO "B54"]
[NIC "SI.01"]
[Time "19:02:55"]
[TimeControl "420+2"]

1. e4 c5 2. Nf3 d6 3. d4 cxd4 4. Nxd4 a6 5. Nc3 Nc6 6. Be3 Nf6 7. Be2 e6 8.
O-O Be7 9. f4 O-O 10. Bf3 e5 11. Nb3 Be6 12. Nd5 exf4 13. Bxf4 Ne5 14. Nd4
Bxd5 15. exd5 Qb6 16. c3 Qxb2 17. Nf5 Rfe8 18. Qd4 Qb5 19. Rab1 Qd7 20.
Nxe7+ Qxe7 21. Bg5 b5 22. a4 Rab8 23. axb5 Rxb5 24. Rxb5 axb5 25. Be2 Rb8
26. h3 h6 27. Bxf6 gxf6 28. Bh5 Ng6 29. Kh1 Kg7 30. Qg4 Qe5 31. Bxg6 fxg6
32. Qd7+ Kh8 33. Qc7 Rg8 34. Ra1 Qxd5 35. Ra7 Qd1+ 36. Kh2
{Black forfeits on time}
1-0

[Event "ICC tourney 1941 (7 2)"]
[Site "Internet Chess Club"]
[Date "2020.07.31"]
[Round "1"]
[White "AccuratePotato"]
[Black "Rohith-p"]
[Result "0-1"]
[ICCResult "White forfeits on time"]
[WhiteElo "1387"]
[BlackElo "1760"]
[Opening "Catalan: closed, 5.Nf3"]
[ECO "E06"]
[NIC "CA.05"]
[Time "19:03:03"]
[TimeControl "420+2"]

1. d4 Nf6 2. Nf3 e6 3. c4 d5 4. g3 Be7 5. Bg2 O-O 6. O-O dxc4 7. Qc2 a6 8.
a4 Bd7 9. Qxc4 Bc6 10. Nc3 Nbd7 11. Bf4 Bd6 12. Bxd6 cxd6 13. Qd3 d5 14.
Rac1 Re8 15. Rfe1 Qa5 16. Rb1 Qb4 17. b3 Ne4 18. Na2 Qa3 19. Ra1 Rec8 20.
Ne5 Nxe5 21. dxe5 Nc5 22. Qe3 d4 23. Qxd4 Nxb3 24. Qe3 Bxg2 25. Kxg2 Qb2 26.
Reb1 Qxa1 27. Rxa1 Nxa1 28. Qb6 Rab8 29. Qb2 Nc2 30. Nb4 Nxb4 31. Qxb4 h6
32. a5 Rc7 33. Qd6 Rbc8 34. Qb6 Rd7 35. e3 Rc6 36. Qb4 Rcc7 37. h4 Rd5 38.
Qb6 Rcd7 {White forfeits on time} 0-1

[Event "ICC tourney 1941 (7 2)"]
[Site "Internet Chess Club"]
[Date "2020.07.31"]
[Round "1"]
[White "tallike"]
[Black "Kokoro"]
[Result "0-1"]
[ICCResult "White checkmated"]
[WhiteElo "1407"]
[BlackElo "1824"]
[Opening "Nimzovich-Larsen attack: modern variation"]
[ECO "A01"]
[NIC "VO.08"]
[Time "19:09:27"]
[TimeControl "420+2"]

1. b3 e5 2. Bb2 Nc6 3. e3 Bd6 4. Bb5 Nf6 5. Nf3 Qe7 6. O-O e4 7. Bxc6 dxc6
8. Nd4 O-O 9. f3 Qe5 10. f4 Qe7 11. Nc3 a6 12. Nde2 h5 13. Na4 h4 14. c4 Bg4
15. h3 Bf5 16. Qe1 Nh5 17. Nd4 Ng3 18. Nxf5 Nxf5 19. Nc3 Rad8 20. Ne2 Bc5
21. a3 a5 22. g4 hxg3 23. Nxg3 Nh4 24. Qe2 Nf3+ 25. Rxf3 exf3 26. Qxf3 f5
27. d4 Ba7 28. Kf2 Qh4 29. Rg1 Rd6 30. Kf1 Qxh3+ 31. Qg2 Qh6 32. Nh5 Rf7 33.
d5 Qxh5 34. Bxg7 Qd1+ 35. Kf2 Qd2+ 36. Kf3 Qxe3# {White checkmated} 0-1

[Event "ICC tourney 1941 (7 2)"]
[Site "Internet Chess Club"]
[Date "2020.07.31"]
[Round "1"]
[White "ganzy"]
[Black "LChessMaster"]
[Result "1-0"]
[ICCResult "Black forfeits on time"]
[WhiteElo "1456"]
[BlackElo "1500"]
[Opening "French: Schlechter variation"]
[ECO "C01"]
[NIC "FR.01"]
[Time "19:03:11"]
[TimeControl "420+2"]

1. e4 e6 2. d4 d5 3. Bd3 dxe4 4. Bxe4 Nf6 5. Bf3 Be7 6. Ne2 O-O 7. O-O c6 8.
c4 b6 9. Nbc3 Bb7 10. Qc2 Nbd7 11. Bf4 Qc8 12. Rad1 c5 13. Bxb7 Qxb7 14. d5
Rfd8 15. dxe6 fxe6 16. Bd6 Bxd6 17. Rxd6 Nf8 18. Rfd1 Qc7 19. Nb5 Qe7 20.
Qd3 Rdc8 21. Nf4 e5 22. Nd5 Nxd5 23. Qxd5+ Qf7 24. Qxf7+ Kxf7 25. R1d5 e4
26. Rf5+ Kg8 27. Kf1 Rd8 28. Ke2 a6 29. Rxd8 Rxd8 30. Nc7 Rd7 31. Nd5 b5 32.
Ne3 Ne6 33. Re5 Nd4+ 34. Kf1 bxc4 35. Rxc5 Rb7 36. Rxc4 Ne6 37. Rxe4 Kf7 38.
Nc4 Ke7 39. f4 Kf6 40. f5 Nc5 41. Rd4 Re7 42. g4 Kg5 43. Kf2 Ne4+ 44. Kf3
Nf6 45. Kg3 {Black forfeits on time} 1-0

[Event "ICC tourney 1941 (7 2)"]
[Site "Internet Chess Club"]
[Date "2020.07.31"]
[Round "1"]
[White "MrNormalName"]
[Black "FL2009"]
[Result "1-0"]
[ICCResult "Black resigns"]
[WhiteElo "1933"]
[BlackElo "1642"]
[Opening "Catalan: closed"]
[ECO "E01"]
[NIC "CA.01"]
[Time "19:03:45"]
[TimeControl "420+2"]

1. d4 Nf6 2. c4 e6 3. g3 d5 4. Bg2 c6 5. Nf3 Bb4+ 6. Bd2 Bd6 7. O-O O-O 8.
Qc2 Nbd7 9. Bg5 h6 10. Bxf6 Nxf6 11. Nbd2 b6 12. Rad1 Bb7 13. e4 dxe4 14.
Nxe4 Nxe4 15. Qxe4 Rb8 16. c5 Bc7 17. Ne5 Bxe5 18. dxe5 Qc7 19. Rd6 bxc5 20.
Rfd1 Rfd8 21. Qd3 Rxd6 22. exd6 Qd7 23. Qc4 Ba8 24. b3 Rd8 25. Qxc5 Qb7 26.
h4 Qb6 27. Qe5 Qb8 28. Be4 Qb5 29. Qc3 c5 30. Bxa8 Rxa8 31. d7 Rd8 32. Qd2
Qc6 33. Qd3 g6 34. Qd2 Kg7 35. Qc3+ f6 36. Qd2 h5 37. Qd3 Kf7 38. Kh2 Kg7
39. Rd2 Kf7 40. Kg1 Kg7 41. Kf1 Kf7 42. Ke2 Qb6 43. Qe3 Kg7 44. Kd1 Qc6 45.
Qd3 Qh1+ 46. Kc2 Qc6 47. Kb2 Kf7 48. f3 Qc7 49. g4 Qe5+ 50. Ka3 Ke7 51. Qxg6
f5 52. Qg5+ Qf6 53. Qxf6+ Kxf6 54. gxh5 Kg7 55. Ka4 Kf7 56. Kb5 Ke7 57. Kxc5
e5 58. Kc6 e4 59. fxe4 fxe4 60. h6 e3 61. Re2 Rxd7 62. Rxe3+ Kd8 63. Rg3 Rh7
64. Rg8+ Ke7 65. Rg7+ Rxg7 66. hxg7 Kf7 67. Kb7 Kxg7 68. Kxa7 Kh6 69. b4 Kh5
70. b5 Kxh4 71. b6 Kg5 72. b7 Kf6 73. b8=Q Ke7 74. Kb6 Ke6 75. a4 Kd5 76. a5
Kc4 77. a6 Kd3 78. a7 Kc3 79. a8=Q {Black resigns} 1-0